 Dungeon Sprint DCSS version 0.22.0-18-ge075c0d (webtiles) character file.

56 poirepourri the Cleaver (level 5, -13/67 HPs)
             Began as a Minotaur Fighter on Aug 18, 2018.
             Was an Initiate of Gozag.
             Mangled by an ice devil (18 damage)
             ... in the Dungeon (Sprint VI: "Thunderdome").
             The game lasted 00:03:33 (356 turns).

poirepourri the Cleaver (Minotaur Fighter)           Turns: 356, Time: 00:03:34

Health: -13/67     AC: -13   Str: 25    XL:     5   Next: 60%
Magic:  4/4        EV:  8    Int:  3    God:    Gozag
Gold:   130        SH:  9    Dex: 22    Spells: 4/4 levels left

rFire    + . .     SeeInvis .   a - +0 war axe
rCold    . . .     Gourm    .   c - +0 shield
rNeg     . . .     Faith    +   b - +0 scale mail
rPois    +         Spirit   .   (helmet restricted)
rElec    +         Reflect  .   (no cloak)
rCorr    .         Harm     .   (no gloves)
MR       .....     NoTele   +   (no boots)
Stlth    ..........             u - amulet "Daewos" {Faith rElec Int-2 Dex+3}
HPRegen  0.21/turn              p - ring of Dose {rF+ EV+2}
MPRegen  0.09/turn              w - ring of Huilyufe {Wiz *Contam rPois Dex+8}

@: berserking, corroded, very heavily drained, very quick
A: retaliatory headbutt, horns 2
a: Potion Petition, Call Merchant, Bribe Branch, Renounce Religion


You were in the Dungeon.
You worshipped Gozag.
Gozag was aware of your devotion.
You were not hungry.

You visited 1 branch You collected 820 gold pieces.
You spent 690 gold pieces at shops.

Inventory:

Hand Weapons
 a - a +0 war axe (weapon)
Armour
 b - a +0 scale mail (worn)
 c - a +0 shield (worn)
Jewellery
 e - the amulet of Moderation {Acrobat Dex+3}
   (You bought it in a shop in the Dungeon)

   [amulet of the acrobat]

   It helps you evade while moving and waiting.
   It affects your dexterity (+3).
 p - the ring of Dose (left hand) {rF+ EV+2}
   (You bought it in a shop in the Dungeon)

   [ring of evasion]

   It affects your evasion (+2).
   It protects you from fire.
 q - the ring of Poosh {rN+ MR+++ Int+4 Dex-3 Stlth+}
   (You bought it in a shop in the Dungeon)

   [ring of stealth]

   It affects your intelligence (+4).
   It affects your dexterity (-3).
   It protects you from negative energy.
   It affects your resistance to hostile enchantments.
   It makes you more stealthy.
 t - the amulet of the Final Decision {Spirit MR+ Slay+2}
   (You bought it in a shop in the Dungeon)

   [amulet of guardian spirit]

   It causes incoming damage to be split between your health and magic.
   It affects your accuracy and damage with ranged weapons and melee attacks
   (+2).
   It affects your resistance to hostile enchantments.
 u - the amulet "Daewos" (around neck) {Faith rElec Int-2 Dex+3}
   (You bought it in a shop in the Dungeon)

   [amulet of faith]

   It allows you to gain divine favour quickly.
   It affects your intelligence (-2).
   It affects your dexterity (+3).
   It insulates you from electricity.
 w - the ring of Huilyufe (right hand) {Wiz *Contam rPois Dex+8}
   (You bought it in a shop in the Dungeon)

   [ring of wizardry]

   It improves your spell success rate.
   It affects your dexterity (+8).
   It protects you from poison.
   It causes magical contamination when unequipped.
Wands
 m - a wand of acid (5)
 n - a wand of iceblast (5)
Scrolls
 k - 4 scrolls of blinking
 o - 3 scrolls of fog
Potions
 d - a potion of might
 g - 4 potions of heal wounds
 h - 4 potions of haste
 i - 2 potions of magic
 j - a potion of berserk rage
 l - a potion of resistance
Comestibles
 f - a ration


   Skills:
 - Level 3.6(0.2) Fighting
 + Level 13.5(9.2) Axes
 - Level 3.6(0.2) Armour
 - Level 3.6(0.2) Shields


You had 4 spell levels left.
You didn't know any spells.
Your spell library was empty.

Dungeon Overview and Level Annotations

Branches:
Dungeon (1/1)

Altars:
Cheibriados
Dithmenos
Fedhas
Gozag
Kikubaaqudgha
Makhleb
Okawaru
Qazlal
Ru
Sif Muna
Trog
Uskayaw
Vehumet
Wu Jian
Xom
Yredelemnul
Zin
The Shining One
Beogh
Jiyva
Lugonu

Shops:
D *[%??*?*:[((!!!!


Innate Abilities, Weirdness & Mutations

You reflexively headbutt those who attack you in melee.
You have a pair of horns on your head.


Message History

The rust devil corrodes you! The ice devil hits you!
The ice devil freezes you!!
You hit the rust devil but do no damage.
You headbutt the rust devil, but do no damage.
The rust devil is heavily wounded.
You hit the rust devil. You hit the ice devil but do no damage.
The hellwing swoops through the air toward you!
You block the hellwing's attack. The hellwing hits you.
You block the rust devil's attack. The rust devil hits you!
* * * LOW HITPOINT WARNING * * *
The rust devil corrodes you!
You hit the rust devil but do no damage.
Your headbutt misses the rust devil.
The rust devil is heavily wounded.
You closely miss the ice devil. You hit the hellwing. You hit the rust devil.
The ice devil hits you!
* * * LOW HITPOINT WARNING * * *
The ice devil freezes you!!
You die...
Your body crumbles into a pile of gold.

###.........###
#⌠...........⌠#
######.8.........8.#
##∩___......###..)...
###∩........8.# #.8....
##)"...........###......
#⌠..........###...###...
#⌠....4.....# #.<.# #...
#⌠.....@4...###...###...
##.....44......###......
###∩........8.# #.8....
##∩___......###......
######.8.........8.#
#⌠...........⌠#
###.........###
#_........# #_......._#


You could see a hellwing, an ice devil and 2 rust devils.

Vanquished Creatures
  A necrophage (D)
  2 wights (D)
  Jessica (D)
  An adder (D)
  An adder skeleton (D)
  A leopard gecko (D)
  An orc (D)
  2 bat zombies (D)
  A giant cockroach (D)
  A leopard gecko zombie (D)
12 creatures vanquished.

Notes
Turn   | Place    | Note
-------+----------+-------------------------------------------
     0 | D        | poirepourri the Minotaur Fighter began the quest for the Orb.
     0 | D        | Reached XP level 1. HP: 19/19 MP: 0/0
     3 | D        | Found a shimmering altar of Xom.
     3 | D        | Found a shadowy altar of Dithmenos.
     4 | D        | Found an ancient bone altar of Kikubaaqudgha.
     5 | D        | Found a blossoming altar of Fedhas.
     5 | D        | Found a snail-covered altar of Cheibriados.
     5 | D        | Round 1.
     6 | D        | Found Yguzyu's Delicious Food.
     6 | D        | Found an iron altar of Okawaru.
     6 | D        | Found a glowing golden altar of the Shining One.
     6 | D        | Found Jiudile's Identification Station.
     7 | D        | Found Anler's Jewellery.
     7 | D        | Found Houremm's Advanced Armour.
    15 | D        | Bought a slimy marble ring for 45 gold pieces
    15 | D        | Bought an ancient silver ring for 45 gold pieces
    15 | D        | Bought a translucent bone amulet for 45 gold pieces
    15 | D        | Identified the ring of Dose {rF+ EV+2} (You bought it in a shop in the Dungeon)
    16 | D        | Identified the ring of Poosh {rN+ MR+++ Int+4 Dex-3 Stlth+} (You bought it in a shop in the Dungeon)
    17 | D        | Identified the amulet "Usiha" {Harm *Drain *Slow MP+9 Int-3 Dex+8} (You bought it in a shop in the Dungeon)
    18 | D        | Bought a clouded platinum ring for 45 gold pieces
    19 | D        | Identified the ring of Kindness {MP+9 Int+2 Stlth+} (You bought it in a shop in the Dungeon)
    23 | D        | Found a basalt altar of Yredelemnul.
    28 | D        | Found a deep blue altar of Sif Muna.
    28 | D        | Found a roughly hewn altar of Beogh.
    28 | D        | Found Yhaip's Premium Goods.
    28 | D        | Found Tacwir's Miscellaneous Merchandise.
    29 | D        | Found Adosopha's Basic Armour.
    30 | D        | Found a bloodstained altar of Trog.
    30 | D        | Found a radiant altar of Vehumet.
    30 | D        | Found Rim Uvurr's Weapon Rack.
    34 | D        | Found a corrupted altar of Lugonu.
    41 | D        | Found a stormy altar of Qazlal.
    41 | D        | Found Roahupek's Do-It-Yourself Clinic.
    41 | D        | Found Abudiat's Bottled Wisdom.
    42 | D        | Found Uklo's Distillery.
    43 | D        | Found a viscous altar of Jiyva.
    43 | D        | Found a sacrificial altar of Ru.
    43 | D        | Found a hide-covered altar of Uskayaw.
    43 | D        | Found Juaps's Distillery.
    47 | D        | Reached skill level 3 in Axes
    50 | D        | Reached skill level 4 in Axes
    55 | D        | Found a burning altar of Makhleb.
    57 | D        | Found a glowing silver altar of Zin.
    57 | D        | Found an opulent altar of Gozag.
    57 | D        | Found Muoq's Staff Store.
    57 | D        | Found Amif's Must-Have Magic.
    58 | D        | Found Ehacadai's Magic Scroll Shop.
    62 | D        | Became a worshipper of Gozag Ym Sagoz the Greedy
    63 | D        | Found an ornate altar of the Wu Jian Council.
    63 | D        | Found Ypuidd's Magic Scroll Shop.
   124 | D        | Reached skill level 6 in Axes
   124 | D        | Reached XP level 2. HP: 17/26 MP: 1/1
   137 | D        | Noticed Jessica
   142 | D        | Killed Jessica
   142 | D        | Reached skill level 8 in Axes
   142 | D        | Reached XP level 3. HP: 17/31 MP: 2/2
   144 | D        | Arena points: 14 (+14) [x2]
   174 | D        | Round 2.
   212 | D        | Reached skill level 10 in Axes
   212 | D        | Reached XP level 4. HP: 30/39 MP: 3/3
   239 | D        | Noticed a necrophage
   248 | D        | Killed a necrophage
   248 | D        | Reached skill level 12 in Axes
   248 | D        | Reached XP level 5. HP: 34/44 MP: 4/4
   266 | D        | Arena points: 56 (+42) [x3]
   266 | D        | Reached skill level 13 in Axes
   288 | D        | Bought a warped diamond amulet for 45 gold pieces
   288 | D        | Bought a wavering turquoise ring for 45 gold pieces
   289 | D        | Identified the ring "Gumisamu" {rN+ Str+3 Dex-5 Stlth-} (You bought it in a shop in the Dungeon)
   290 | D        | Bought a wavering lead ring for 45 gold pieces
   291 | D        | Identified the ring "Rerhaono" {Str+2 Stlth-} (You bought it in a shop in the Dungeon)
   292 | D        | Bought an ancient amber ring for 45 gold pieces
   293 | D        | Identified the ring of Kezuof {Int+2 Stlth-} (You bought it in a shop in the Dungeon)
   294 | D        | Bought a steaming turquoise ring for 45 gold pieces
   295 | D        | Identified the ring of Huilyufe {Wiz *Contam rPois Dex+8} (You bought it in a shop in the Dungeon)
   308 | D        | Bought 3 scrolls of identify for 150 gold pieces
   308 | D        | Identified the amulet of Moderation {Acrobat Dex+3} (You bought it in a shop in the Dungeon)
   316 | D        | Bought a steaming graven amulet for 45 gold pieces
   316 | D        | Bought a steaming bone amulet for 45 gold pieces
   316 | D        | Bought a pitted ruby amulet for 45 gold pieces
   316 | D        | Identified the amulet of the Final Decision {Spirit MR+ Slay+2} (You bought it in a shop in the Dungeon)
   317 | D        | Identified the amulet "Daewos" {Faith rElec Int-2 Dex+3} (You bought it in a shop in the Dungeon)
   327 | D        | Identified the amulet of Tetok {Harm *Drain rN++ Dex+2} (You bought it in a shop in the Dungeon)
   341 | D        | Round 3.
   342 | D        | Noticed a rust devil
   346 | D        | Noticed an ice devil
   347 | D        | Noticed a rust devil
   348 | D        | Noticed a hellwing
   356 | D        | Mangled by an ice devil

Skill      XL: |  1  2  3  4  5 |
---------------+----------------+-----
Axes           | 6 8 10 12 13 | 13.5
Fighting       | |  3.6
Armour         | |  3.6
Shields        | |  3.6

Action                   |  1- 3 |  4- 6 || total
-------------------------+-------+-------++-------
Melee: War axe           |    19 |    14 ||    33
       Headbutt          |     4 |     5 ||     9
Invok: Potion Petition   |       |     1 ||     1
  Use: Scroll            |       |     3 ||     3
       Potion            |       |     1 ||     1
Armor: Scale mail        |     6 |       ||     6
Dodge: Dodged            |    10 |     3 ||    13
Block: Shield            |    13 |     5 ||    18
